 Dungeon Crawl Stone Soup version 0.29.1-1-gd02db6906a (webtiles) character file.

Game seed: 16946985752707111367

11834 Icepheonix32 the Fighter (level 11, -9/156 HPs)
             Began as a Minotaur Fighter on Sept 19, 2022.
             Was a High Priest of Okawaru.
             Succumbed to poison (dark miasma)
             ... in a Gauntlet.
             The game lasted 00:29:31 (12486 turns).

Icepheonix32 the Fighter (Minotaur Fighter)        Turns: 12486, Time: 00:29:32

Health: -9/156     AC: 10    Str: 35    XL:     11   Next: 54%
Magic:  13/14      EV: 23    Int:  4    God:    Okawaru [*****.]
Gold:   256        SH: 11    Dex: 21    Spells: 10/10 levels left

rFire   + + .      SeeInvis +   G - +7 short sword of Gravity {freeze, *Rage Drain rF++ Str+5}
rCold   + + +      Faith    +   F - +3 buckler {reflect}
rNeg    . . .      Spirit   .   L - +4 skin of Zhor {*Englaciate rC+++ SInv}
rPois   .          Reflect  +   (helmet restricted)
rElec   .          Harm     .   A - +1 cloak of the Lost Path {Str+3}
rCorr   .          Rampage  .   (no gloves)
Will    .....      Rage     20% (no boots)
Stlth   .......... NoTele   +   U - amulet of Secrets {Faith Regen+ Dex+4}
HPRegen 1.16/turn               q - +6 ring of strength
MPRegen 0.14/turn               k - +4 ring of evasion

@: berserking, lethally poisoned (-9 -> -104), heroic, slowed
A: horns 2, retaliatory headbutt, agile 1, cold resistance 1
a: Renounce Religion, Heroism, Finesse, Duel


You were in a Gauntlet.
You worshipped Okawaru.
Okawaru was extremely pleased with you.
You visited 2 branches of the dungeon, and saw 12 of its levels.
You also visited: Sewer, Ossuary and Gauntlet.

You collected 1174 gold pieces.
You spent 918 gold pieces at shops.

Inventory:

Hand Weapons
 a - a +0 war axe of flaming
 d - a +4 flail of protection
 G - the +7 short sword of Gravity (weapon) {freeze, *Rage Drain rF++ Str+5}
   (You found it on level 10 of the Dungeon)

   It freezes those it strikes, dealing additional cold damage.
   It can also slow down cold-blooded creatures.
   Str:       It affects your strength (+5).
   rF:        It greatly protects you from fire.
   *Rage:     It berserks you when you make melee attacks (+20% chance).
   Drain:     It drains your maximum health when unequipped.
 R - a +3 flail of freezing
 T - a +2 mace of holy wrath
Missiles
 K - 8 javelins (quivered)
 Q - 7 boomerangs
Armour
 i - a +3 scale mail of poison resistance
 A - the +1 cloak of the Lost Path (worn) {Str+3}
   (You bought it in a shop on level 5 of the Dungeon)

   Str:       It affects your strength (+3).
 D - +0 acid dragon scales
 F - a +3 buckler of reflection (worn)
 I - a +2 chain mail of fire resistance
 L - the +4 skin of Zhor (worn) {*Englaciate rC+++ SInv}
   (You found it in a Gauntlet)

   It radiates cold, occasionally slowing all nearby creatures who are not
   resistant to cold.
   rC:        It renders you almost immune to cold.
   SInv:      It lets you see invisible.
Jewellery
 f - a ring of protection from fire
 k - a +4 ring of evasion (right hand)
 q - a +6 ring of strength (left hand)
 B - a ring of flight
 U - the amulet of Secrets (around neck) {Faith Regen+ Dex+4}
   (You found it in a Gauntlet)

   [amulet of faith]

   It allows you to gain divine favour quickly.
   Dex:       It affects your dexterity (+4).
   Regen:     It increases your rate of health regeneration.
Wands
 b - a wand of quicksilver (15)
 J - a wand of flame (16)
 N - a wand of roots (14)
Scrolls
 e - a scroll of brand weapon
 j - 3 scrolls of identify
 l - a scroll of blinking
 n - a scroll of enchant armour
 o - 2 scrolls of fear
 t - a scroll of poison
 x - 4 scrolls of teleportation
 y - 3 scrolls of vulnerability
 E - a scroll of silence
 M - a scroll of amnesia
Potions
 g - 4 potions of attraction
 h - 3 potions of brilliance
 m - 3 potions of might
 p - a potion of ambrosia
 r - 2 potions of curing
 s - 2 potions of invisibility
 u - 4 potions of cancellation
 v - 2 potions of magic
 w - a potion of haste
 z - a potion of lignification
 C - a potion of resistance
 H - a potion of mutation
 O - a potion of flight
 P - 3 potions of heal wounds
 S - a potion of berserk rage
Miscellaneous
 c - a phial of floods


   Skills:
 * Level 12.1(17.1) Fighting
 - Level 2.6(7.6) Short Blades
 - Level 3.0(12.6) Axes
 - Level 10.9(16.1) Maces & Flails
 + Level 1.2(6.2) Throwing
 + Level 9.8(14.8) Armour
 * Level 5.1(10.1) Dodging
 + Level 2.1(7.1) Stealth
 + Level 7.5(12.5) Shields
 * Level 5.9 Invocations
 + Level 0.1 Evocations


You had 10 spell levels left.
You didn't know any spells.
Your spell library contained the following spells:

 Spells                   Type           Power      Damage    Failure   Level
 Ensorcelled Hibernation  Hex/Ice        0%         N/A       69%         2
 Passwall                 Tmut/Erth      0%         N/A       69%         2
 Static Discharge         Conj/Air       0%         3-3/arc   69%         2
 Sublimation of Blood     Necr           0%         N/A       69%         2
 Dazzling Flash           Conj/Hex       0%         N/A       89%         3
 Spider Form              Tmut/Pois      0%         N/A       89%         3
 Stone Arrow              Conj/Erth      0%         3d7       89%         3
 Swiftness                Air            0%         N/A       89%         3
 Anguish                  Hex/Necr       0%         N/A       100%        4
 Dispel Undead            Necr           0%         3d6       100%        4
 Iskenderun's Mystic Bla  Conj/Tloc      0%         2d3       100%        4
 Petrify                  Tmut/Erth      0%         N/A       100%        4
 Sticky Flame             Conj/Fire      0%         2d3       100%        4
 Blade Hands              Tmut           0%         N/A       100%        5
 Irradiate                Conj/Tmut      0%         3d11      100%        5
 Starburst                Conj/Fire      0%         6d3       100%        6
 Dragon Form              Tmut           0%         N/A       100%        7
 Lehudib's Crystal Spear  Conj/Erth      0%         10d2      100%        8
 Summon Small Mammal      Summ           Unusable   N/A       N/A         1
 Call Canine Familiar     Summ           Unusable   N/A       N/A         3
 Summon Guardian Golem    Hex/Summ       Unusable   N/A       N/A         3
 Animate Armour           Summ/Erth      Unusable   N/A       N/A         4

Dungeon Overview and Level Annotations

Branches:
Dungeon (11/15)            Temple (1/1) D:6            Lair (0/5) D:9
    Orc (0/2) D:9           Sewer (visited)         Ossuary (visited)
Gauntlet (1/1)

Altars:
Cheibriados
Dithmenos
Elyvilon
Fedhas
Gozag
Hepliaklqana
Kikubaaqudgha
Makhleb
Nemelex Xobeh
Okawaru
Qazlal
Ru
Sif Muna
Trog
Uskayaw
Vehumet
Wu Jian
Xom
Yredelemnul
Zin
The Shining One

Shops:
D:5 [=[?

Annotations:
Gauntlet 11 transporters


Innate Abilities, Weirdness & Mutations

You have a pair of horns on your head.
You reflexively headbutt those who attack you in melee.
You are agile. (Dex +4, Str/Int -1)
Your flesh is cold resistant. (rC+)


Message History

Your base Dodging skill increases to level 5!
You impale the spectral boggart!! You freeze the spectral boggart.
The spectral boggart is almost destroyed.
You are engulfed in dark miasma.
You are lethally poisoned!
You feel as though you will be slow longer.
You feel extremely sick.
The spectral centaur warrior closely misses you.
You furiously retaliate!
You headbutt the spectral centaur warrior.
You block the spectral centaur warrior's attack.
The centaur warrior zombie hits you.
The centaur warrior zombie closely misses you.
The spectral boggart completely misses you.
You are too berserk!
You closely miss the spectral boggart.
The spectral boggart is almost destroyed.
You are engulfed in dark miasma.
You are more poisoned.
* * * LOW HITPOINT WARNING * * *
You feel extremely sick.
The spectral centaur warrior misses you.
The spectral centaur warrior completely misses you.
You block the centaur warrior zombie's attack.
The centaur warrior zombie completely misses you.
The spectral boggart hits you but does no damage.
You puncture the spectral boggart! You freeze the spectral boggart.
You destroy the spectral boggart!
Okawaru accepts your kill.
You are engulfed in dark miasma.
You are more poisoned.
* * * LOW HITPOINT WARNING * * *
x2 You feel extremely sick.
The spectral centaur warrior hits you.
* * * LOW HITPOINT WARNING * * *
The spectral centaur warrior kicks you but does no damage.
The centaur warrior zombie closely misses you. x2
The boggart zombie attacks as you move away!
The boggart zombie closely misses you.
You die...

####.#########.##########
...#.#..≈∩≈..#.#.......≈#
...#©#...§§§.#©#........###
########§..###########..#8#
.......#...#.........#..###
#..^##.#...#..##.##..#....#
##.##^=#...#=##...##.#....###
.#.#..[#...#?#....Z#.###..#8#
..©#..©#...#©...@°Z.(#©#..###
.#.#..$#...#?#....Z#.#.#..#
##.##^.#...#.##...##.#.#..###
#^.^##.#...#..##.##ZZ#.#..#8#
.......#...#........Z#.#..#######
########...###########.#........#
.........≈...........#.#........#
####....≈8≈....#######.#######...
..©#.....≈.....#©...........©#...


You could see a spectral centaur warrior, a boggart zombie and a centaur warrior
zombie.

Vanquished Creatures
  A boulder beetle (D:10)
  A two-headed ogre (D:10)
  A death drake (Gauntlet)
  A deep elf pyromancer (D:7)
  Pikel (D:4)
  An apocalypse crab (Gauntlet)
  Maurice (D:8)
  Joseph (D:8)
  A gargoyle (D:8)
  A hornet (D:5)
  3 flying skulls (Gauntlet)
  16 yaks
  3 wraiths
  3 steam dragons
  2 wyverns (D:10)
  2 acid dragons
  A water moccasin (D:9)
  Edmund (D:4)
  An ice beast (D:6)
  3 black bears
  3 orc warriors (D:9)
  An ogre (D:4)
  4 centaurs
  A lemure (D:4)
  3 kobold brigands
  A gnoll sergeant (D:8)
  5 bullfrogs
  A necrophage (D:4)
  2 scorpions (D:5)
  12 wights
  5 killer bees (D:9)
  A howler monkey (D:9)
  A centaur zombie (Ossuary)
  7 orc priests
  A hound (D:4)
  A spectral boggart (Gauntlet)
  A gnoll bouda (D:6)
  3 iguanas (D:6)
  5 orc wizards
  11 gnolls
  4 adders
  2 river rats (Sewer)
  A shadow imp (D:7)
  2 adder zombies (Ossuary)
  5 worms
  4 dart slugs
  35 orcs
  5 bats
  7 endoplasms
  2 giant cockroaches
  9 goblins
  5 hobgoblins
  4 jackals (D:3)
  24 kobolds
  2 quokkas
  12 ball pythons
  A ball python skeleton (Ossuary)
  3 frilled lizards
  A hobgoblin skeleton (Ossuary)
  2 hobgoblin zombies (Ossuary)
  2 orc zombies (Ossuary)
  4 rats
250 creatures vanquished.

Vanquished Creatures (others)
  22 fungi
  94 plants
  4 withered plants (Gauntlet)
120 creatures vanquished.

Grand Total: 370 creatures vanquished

Notes
Turn   | Place    | Note
-------+----------+-------------------------------------------
     0 | D:1      | Icepheonix32 the Minotaur Fighter began the quest for the
                  | Orb.
     0 | D:1      | Reached XP level 1. HP: 19/19 MP: 0/0
   183 | D:1      | Reached skill level 4 in Fighting
   358 | D:1      | Reached XP level 2. HP: 27/27 MP: 1/1
  1172 | D:2      | Reached XP level 3. HP: 25/34 MP: 2/2
  1621 | D:3      | Gained mutation: You have large cloven feet. [potion of
                  | mutation]
  1699 | D:3      | Found a faded altar of an unknown god.
  1825 | D:3      | You fall into a shaft and drop 1 floor!
  1892 | D:4      | Noticed Edmund
  1893 | D:4      | Noticed Pikel
  1893 | D:4      | Noticed a lemure
  1893 | D:4      | Noticed a lemure
  1893 | D:4      | Noticed a lemure
  1901 | D:4      | Noticed a lemure
  1903 | D:4      | Killed Edmund
  1904 | D:4      | Reached skill level 5 in Fighting
  1904 | D:4      | Reached skill level 1 in Short Blades
  1904 | D:4      | Reached XP level 4. HP: 8/42 MP: 3/3
  1904 | D:4      | Reached XP level 5. HP: 9/48 MP: 4/4
  1909 | D:4      | Killed a lemure
  1909 | D:4      | HP: 1/48 [Pikel/+0 whip of freezing (3)]
  1914 | D:4      | Killed Pikel
  1915 | D:4      | Reached skill level 6 in Fighting
  1915 | D:4      | Reached skill level 1 in Dodging
  1915 | D:4      | Reached XP level 6. HP: 8/58 MP: 5/5
  1915 | D:4      | Reached XP level 7. HP: 9/64 MP: 6/6
  2492 | D:4      | Reached skill level 7 in Fighting
  2492 | D:4      | Reached skill level 1 in Maces & Flails
  2549 | D:4      | Found a glowing drain.
  2554 | Sewer    | Entered a sewer
  2978 | Sewer    | Lost mutation: You have large cloven feet. [potion of
                  | mutation]
  2978 | Sewer    | Gained mutation: You have a pair of large horns on your
                  | head. [potion of mutation]
  2978 | Sewer    | Gained mutation: You are frail. (-10% HP) [potion of
                  | mutation]
  2979 | Sewer    | Lost mutation: You have a pair of large horns on your head.
                  | [potion of mutation]
  2979 | Sewer    | Lost mutation: You are frail. (-10% HP) [potion of
                  | mutation]
  2979 | Sewer    | Gained mutation: Your flesh is cold resistant. (rC+)
                  | [potion of mutation]
  2979 | Sewer    | Gained mutation: You are agile. (Dex +4, Str/Int -1)
                  | [potion of mutation]
  3309 | D:5      | Entered Level 5 of the Dungeon
  3560 | D:3      | Reached XP level 8. HP: 59/73 MP: 7/7
  4469 | D:5      | Found a glowing golden altar of the Shining One.
  4483 | D:5      | Found Vilury's Antique Armour Emporium.
  4527 | D:5      | Found Zaofodec's Magic Scroll Boutique.
  4535 | D:5      | Bought a scroll of magic mapping for 112 gold pieces
  4625 | D:5      | Found Fiog's Jewellery Shop.
  4671 | D:5      | Reached skill level 1 in Stealth
  4704 | D:5      | Noticed a hornet
  4716 | D:5      | Killed a hornet
  4720 | D:5      | Reached skill level 8 in Fighting
  4720 | D:5      | Reached skill level 5 in Maces & Flails
  4720 | D:5      | Reached skill level 5 in Shields
  4829 | D:5      | Found Zyimaus's Armour Shoppe.
  5031 | D:6      | Found a sand-covered staircase.
  5128 | Ossuary  | Entered an ossuary
  5255 | Ossuary  | Noticed a flying skull
  5268 | Ossuary  | Noticed a flying skull
  5294 | Ossuary  | Noticed a flying skull
  5359 | Ossuary  | Noticed a flying skull
  5372 | Ossuary  | Reached XP level 9. HP: 82/82 MP: 8/8
  5527 | D:6      | Found a blossoming altar of Fedhas.
  5594 | D:6      | Found a staircase to the Ecumenical Temple.
  5614 | Temple   | Entered the Ecumenical Temple
  5774 | Temple   | Became a worshipper of Warmaster Okawaru
  6059 | D:6      | Found a bloodstained altar of Trog.
  6390 | D:7      | Reached skill level 9 in Fighting
  6477 | D:7      | Reached skill level 1 in Invocations
  6810 | D:7      | Reached * piety under Okawaru
  6828 | D:7      | Reached skill level 1 in Throwing
  7163 | D:7      | Noticed a deep elf pyromancer
  7171 | D:7      | Killed a deep elf pyromancer
  7318 | D:7      | Reached XP level 10. HP: 78/93 MP: 11/11
  7464 | D:7      | Identified a scroll of acquirement
  7465 | D:7      | Acquired 636 gold pieces
  7584 | D:5      | Bought the +1 cloak of the Lost Path {Str+3} for 296 gold
                  | pieces
  7689 | D:8      | Noticed a gargoyle
  7701 | D:7      | Reached ** piety under Okawaru
  7869 | D:7      | Reached skill level 10 in Fighting
  8510 | D:8      | Noticed Maurice
  8573 | D:8      | Killed Maurice
  8850 | D:8      | Noticed Joseph
  8862 | D:8      | Killed Joseph
  8866 | D:8      | Killed a gargoyle
  8866 | D:8      | Reached *** piety under Okawaru
  9376 | D:9      | Found a staircase to the Orcish Mines.
  9707 | D:9      | Reached skill level 10 in Maces & Flails
  9931 | D:9      | Reached **** piety under Okawaru
 10065 | D:5      | Bought a runed buckler for 255 gold pieces
 10065 | D:5      | Bought a shiny chain mail for 255 gold pieces
 10379 | D:9      | Found a staircase to the Lair.
 10489 | D:9      | Reached skill level 11 in Fighting
 10492 | D:9      | Reached XP level 11. HP: 89/102 MP: 13/13
 10668 | D:10     | Entered Level 10 of the Dungeon
 10752 | D:10     | Identified the +7 short sword of Gravity {freeze, *Rage
                  | Drain rF++ Str+5}
 10818 | D:10     | Noticed a two-headed ogre
 10823 | D:10     | Killed a two-headed ogre
 10824 | D:10     | Reached skill level 5 in Invocations
 10864 | D:10     | Reached ***** piety under Okawaru
 10993 | D:10     | Found a glowing silver altar of Zin.
 11073 | D:10     | Noticed a boulder beetle
 11102 | D:10     | Killed a boulder beetle
 11102 | D:10     | Received a gift from Okawaru
 11453 | D:10     | Found a radiant altar of Vehumet.
 11629 | D:11     | Found a gate leading to a gauntlet.
 11644 | Gauntlet | Entered a Gauntlet
 11644 | Gauntlet | Found a transporter.
 11644 | Gauntlet | Found a transporter.
 11648 | Gauntlet | Found a transporter.
 11650 | Gauntlet | Found a transporter.
 11655 | Gauntlet | Found a transporter.
 11674 | Gauntlet | Found the +4 skin of Zhor {*Englaciate rC+++ SInv}
 11674 | Gauntlet | Noticed a balrug
 11676 | Gauntlet | Found a transporter.
 11681 | Gauntlet | Noticed a green ugly thing
 11682 | Gauntlet | Noticed a glowing orange brain
 11684 | Gauntlet | Found a transporter.
 11684 | Gauntlet | Found a transporter.
 11688 | Gauntlet | Noticed a death drake
 11696 | Gauntlet | Noticed a glowing orange brain
 11708 | Gauntlet | Found a transporter.
 11717 | Gauntlet | Found a transporter.
 11731 | Gauntlet | Found a transporter.
 11749 | Gauntlet | Found a transporter.
 11794 | Gauntlet | Found a transporter.
 11809 | Gauntlet | Found a transporter.
 11909 | Gauntlet | Found a transporter.
 11918 | Gauntlet | Noticed a glowing orange brain
 11921 | Gauntlet | a glowing orange brain changed into a cyclops
 11927 | Gauntlet | Found a transporter.
 11929 | Gauntlet | Noticed a lindwurm
 11929 | Gauntlet | a redback changed into a lindwurm
 11937 | Gauntlet | Noticed a death drake
 11942 | Gauntlet | Noticed a wolf spider
 11942 | Gauntlet | a torpor snail changed into a wolf spider
 11959 | Gauntlet | Noticed a lindwurm
 11959 | Gauntlet | Noticed a shining eye
 11959 | Gauntlet | a lindwurm changed into a shining eye
 11965 | Gauntlet | Noticed a mana viper
 11965 | Gauntlet | a shining eye changed into a mana viper
 11969 | Gauntlet | Noticed a two-headed ogre
 11969 | Gauntlet | a mana viper changed into a two-headed ogre
 11973 | Gauntlet | Noticed a glowing shapeshifter
 11973 | Gauntlet | a two-headed ogre changed into a glowing shapeshifter
 11974 | Gauntlet | a glowing shapeshifter changed into a cyclops
 11985 | Gauntlet | a wolf spider changed into a faun
 12358 | Gauntlet | Noticed a shock serpent
 12358 | Gauntlet | a snapping turtle changed into a shock serpent
 12360 | Gauntlet | Noticed a wolf spider
 12362 | Gauntlet | Noticed a mana viper
 12362 | Gauntlet | a shock serpent changed into a mana viper
 12364 | Gauntlet | Noticed an orb spider
 12364 | Gauntlet | a mana viper changed into an orb spider
 12367 | Gauntlet | Noticed a glowing orange brain
 12367 | Gauntlet | an orb spider changed into a glowing orange brain
 12367 | Gauntlet | a glowing orange brain changed into an eye of devastation
 12419 | Gauntlet | Identified the amulet of Secrets {Faith Regen+ Dex+4}
 12431 | Gauntlet | Noticed a death drake
 12431 | Gauntlet | Noticed a two-headed ogre
 12431 | Gauntlet | a death drake changed into a two-headed ogre
 12457 | Gauntlet | Noticed a death drake
 12457 | Gauntlet | Noticed a shining eye
 12457 | Gauntlet | a death drake changed into a shining eye
 12459 | Gauntlet | Noticed a wolf spider
 12459 | Gauntlet | an eye of devastation changed into a wolf spider
 12459 | Gauntlet | Noticed a glowing orange brain
 12459 | Gauntlet | a shining eye changed into a glowing orange brain
 12460 | Gauntlet | a glowing orange brain changed into a torpor snail
 12462 | Gauntlet | Noticed an orb spider
 12462 | Gauntlet | a torpor snail changed into an orb spider
 12482 | Gauntlet | Killed a death drake
 12483 | Gauntlet | Reached skill level 12 in Fighting
 12483 | Gauntlet | Reached skill level 5 in Dodging
 12486 | Gauntlet | Succumbed to poison (dark miasma)

Illustrated notes

Levels and vault maps discovered:
D:1:      grunt_arrival_lava_bath, layout_loops_ring,
          chequers_serial_rivers_small_3
D:2:      layout_basic
D:3:      layout_loops_corners, hellmonk_ecumenical_altar_zigzags
D:4:      layout_rooms, portal_sewer_entry_e, nrook_mini_backslash,
          minivault_24, grunt_decor_clamped, minmay_misc_feat_square,
          dreamdust_gnoll_farm, uniq_pikel, uniq_edmund
D:5:      layout_loops_cross, lemuel_round_altar, serial_shops, shop, shop,
          shop, shop, minmay_small_thing
D:6:      layout_gridville, mainiacjoe_overflow_surrounded_room,
          nicolae_overflow_hidden_temple, minmay_temple_entry_antechambers,
          nicolae_ossuary_entry_ruins, st_stairs_3, hangedman_decor_lopped
D:7:      layout_loops_ring, minmay_misc_feat_doors, minmay_misc_feat_plants,
          abandoned_shop, guppyfry_early_elven_hall
D:8:      layout_rooms, minmay_misc_feat_chi, kennysheep_boxes, uniq_joseph,
          uniq_maurice
D:9:      layout_grid_maze, grunt_lair_entry_orc_guard_hut, orc_0_dummy
D:10:     layout_loops_ring, vehumet_crystals, zin_statuary
D:11:     layout_gridville, gauntlet_entry_generic
Temple:   regret_index_temple_sphere_string
Gauntlet: gammafunk_gauntlet_branching [gammafunk_gauntlet_arena_grid,
          gammafunk_gauntlet_arena_crates, gammafunk_gauntlet_arena_mazey,
          nicolae_gauntlet_swirl, gammafunk_gauntlet_arena_teeth,
          gammafunk_gauntlet_arena_arrow_garden,
          gammafunk_gauntlet_arena_split_x,
          gammafunk_gauntlet_arena_split_diamond,
          nicolae_gauntlet_exit_dead_adventurers]

Skill      XL: |  1  2  3  4  5  6  7  8  9 10 11 |
---------------+----------------------------------+-----
Fighting       | 4 5 6 7 8 9 11 12 | 12.1
Armour         | 4 6 7 8 9 |  9.8
Axes           | 3 |  3.0
Short Blades   | 1 2 |  2.6
Shields        | 4 5 7 |  7.5
Dodging        | 1 2 3 4 5 |  5.1
Maces & Flails | 2 6 9 10 | 10.9
Stealth        | 1 2 |  2.1
Invocations    | 3 4 5 |  5.9
Throwing       | 1 |  1.2
Evocations     | |  0.1

Action                   |  1- 3 |  4- 6 |  7- 9 | 10-12 || total
-------------------------+-------+-------+-------+-------++-------
Melee: War axe           |    50 |       |       |       ||    50
       Headbutt          |     4 |       |    56 |    74 ||   134
       Short sword       |    29 |     8 |     1 |    58 ||    96
       Kick              |     6 |     5 |    21 |       ||    32
       Flail             |       |       |   310 |   259 ||   569
Throw: Javelin           |       |       |     1 |     1 ||     2
       Throwing net      |       |       |     1 |       ||     1
       Boomerang         |       |       |    10 |       ||    10
Invok: Heroism           |       |       |       |     1 ||     1
Evoke: Wand              |       |       |     3 |       ||     3
  Use: Potion            |     6 |     2 |     7 |     2 ||    17
       Scroll            |     6 |       |    14 |     8 ||    28
 Stab: Held in net/web   |       |       |     2 |       ||     2
Armor: Scale mail        |    28 |     3 |   100 |   130 ||   261
       Animal skin       |       |       |       |     5 ||     5
Dodge: Dodged            |    29 |     2 |   200 |   261 ||   492
Block: Buckler           |    14 |       |    79 |   144 ||   237
       Reflection        |       |       |       |     2 ||     2
